 Dungeon Crawl Stone Soup version 0.20.1-1-g8b1a95d (webtiles) character file.

308 Irenicus the Insei (level 6, -4/63 HPs)
             Began as an Octopode Chaos Knight on Oct 13, 2017.
             Slain by a small abomination (8 damage)
             ... summoned by the capriciousness of Xom
             ... on level 3 of the Dungeon.
             The game lasted 00:05:32 (2535 turns).

Irenicus the Insei (Octopode Chaos Knight)          Turns: 2535, Time: 00:05:33

Health: -4/63      AC: 23    Str: 12    XL:     6   Next: 40%
Magic:  6/6        EV:  2    Int: 14    God:    Xom [..*...]
Gold:   115        SH:  0    Dex: 15    Spells: 5/5 levels left

rFire    . . .     SeeInvis .     - Unarmed
rCold    . . .     Gourm    .   (no shield)
rNeg     + + +     Faith    .   (helmet currently unavailable)
rPois    +         Spirit   .   (no amulet)
rElec    .         Reflect  .   r - +2 ring of dexterity
rCorr    .         Harm     .   (no ring)
MR       .....     NoTele   +   (no ring)
Stlth    +.........             (no ring)
Regen    0.2/turn               (no ring)
MPRegen  0.1/turn               (no ring)
                                (no ring)
                                (no ring)

@: tree-form
A: almost no armour, stealthy swim, (amphibious), 8 rings, (constrict 8)
a: Renounce Religion


You were on level 3 of the Dungeon.
You worshipped Xom.
You were a toy of Xom.
You were not hungry.
You were a tree.
You visited 1 branch of the dungeon, and saw 3 of its levels.

You collected 115 gold pieces.

Inventory:

Jewellery
 r - a +2 ring of dexterity (left branch)
Wands
 q - a wand of random effects (29/48)
Scrolls
 f - a scroll of fog {unknown}
 g - a scroll of enchant armour {unknown}
 i - a scroll of amnesia {unknown}
 l - a scroll of identify
 m - a scroll of fear {unknown}
 n - a scroll of enchant weapon {unknown}
 p - a scroll of recharging {unknown}
Potions
 b - 2 potions of curing
 e - a potion of heal wounds {unknown}
 h - a potion of mutation {unknown}
 j - a potion of magic {unknown}
 k - 2 potions of agility {unknown}
Comestibles
 a - 4 bread rations
 c - 2 meat rations
 o - a royal jelly


   Skills:
 - Level 3.0 Fighting
 - Level 2.3 Dodging
 + Level 7.0 Unarmed Combat


You had 5 spell levels left.
You didn't know any spells.

Dungeon Overview and Level Annotations

Branches:
Dungeon (3/15)

Altars:
The Shining One


Innate Abilities, Weirdness & Mutations

You cannot wear most types of armour.
You are very stealthy in the water. (Stealth+)
((You are amphibious.))
You can wear up to eight rings at the same time.
((You can use your tentacles to constrict eight enemies at once.))
((Your skin changes colour to match your surroundings (Stealth+).))
((Your rubbery body absorbs attacks. (AC +1, EV +1)))


Message History

A chorus of moans calls out to you!
You are now a toy of Xom.
You see here a bat corpse.
There are monsters nearby!
Press: ? - help, v - describe, . - travel
Here: a small abomination (summoned)
The floor.
The small abomination hits you.
You closely miss the small abomination. The small abomination hits you!
You barely miss the small abomination. The small abomination hits you.
The small abomination hits you!
* * * LOW HITPOINT WARNING * * *
Okay, then.
You feel better. The small abomination hits you.
* * * LOW HITPOINT WARNING * * *
It was a potion of lignification.
You turn into a tree.
Your roots penetrate the ground.
The small abomination hits you but does no damage.
The small abomination hits you!
You die...

#..................#
#....
#..................#
#####
#..................#
#
#..........#########
#..........#
#.......†..# ####
#......†...#### #...
#..........†..#
#######.##
#........♣###.#
#.....#.#.
#.......xx# #.#
#.###.#.#†
#####.##.####.# #.#
#.#... #.##......#
#.# #.####
#.######### #.#
#.....
#.###########.#
######
#.............#
###############


You could see 2 small abominations.

Vanquished Creatures
  A bullfrog zombie (D:3)
  Natasha (thrice) (D:2)
  4 gnolls (D:2)
  7 adders
  An ooze (D:3)
  2 worms (D:3)
  4 dart slugs
  3 leopard geckos
  An orc (D:3)
  12 bats
  6 giant cockroaches
  6 goblins
  8 hobgoblins
  2 jackals (D:1)
  2 quokkas (D:3)
  A ball python (D:1)
  10 frilled lizards
  7 kobolds
  13 rats
93 creatures vanquished.

Notes
Turn   | Place    | Note
-------+----------+-------------------------------------------
     0 | D:1      | Irenicus the Octopode Chaos Knight began the quest for the Orb.
     0 | D:1      | Reached XP level 1. HP: 16/16 MP: 1/1
   176 | D:1      | XOM: harmless Fire miscast
   193 | D:1      | Reached XP level 2. HP: 15/21 MP: 2/2
   369 | D:1      | Reached skill level 4 in Unarmed Combat
   397 | D:1      | XOM: divination: detect items
   403 | D:1      | Found a glowing golden altar of the Shining One.
   435 | D:1      | Reached XP level 3. HP: 23/26 MP: 3/3
   570 | D:1      | XOM: divination: detect creatures
   893 | D:2      | XOM: divination: magic mapping
   984 | D:2      | XOM: harmless Necr miscast
  1073 | D:2      | XOM: silly message
  1196 | D:2      | Reached XP level 4. HP: 26/31 MP: 4/4
  1244 | D:2      | XOM is BORED!
  1244 | D:2      | XOM: noise
  1382 | D:2      | Reached skill level 5 in Unarmed Combat
  1391 | D:2      | Noticed Natasha
  1395 | D:2      | Killed Natasha
  1395 | D:2      | XOM: harmless Air miscast
  1408 | D:2      | XOM: summons 3 friendly demons
  1420 | D:2      | Reached XP level 5. HP: 20/36 MP: 5/5
  1455 | D:2      | XOM: harmless Erth miscast
  1463 | D:2      | Noticed Natasha
  1471 | D:2      | Killed Natasha
  1555 | D:2      | Noticed Natasha
  1557 | D:2      | XOM: enchant monster (good)
  1565 | D:2      | Killed Natasha
  1565 | D:2      | Reached skill level 6 in Unarmed Combat
  1943 | D:3      | XOM: mild Ice miscast
  1990 | D:3      | Reached XP level 6. HP: 21/42 MP: 6/6
  1992 | D:3      | XOM: smoke on damage
  2097 | D:3      | XOM: mild Erth miscast
  2403 | D:3      | Reached skill level 7 in Unarmed Combat
  2519 | D:3      | XOM is BORED!
  2519 | D:3      | XOM: medium Summ miscast
  2520 | D:3      | Noticed a small abomination
  2533 | D:3      | HP: 2/42 [small abomination[the capriciousness of Xom] (17)]
  2535 | D:3      | Slain by a small abomination

Skill      XL: |  1  2  3  4  5  6 |
---------------+-------------------+-----
Unarmed Combat | 4 5 6 7 |  7.0
Fighting       | |  3.0
Dodging        | |  2.3

Action                   |  1- 3 |  4- 6 || total
-------------------------+-------+-------++-------
Melee: Unarmed           |    88 |   112 ||   200
       Constrict         |    26 |    23 ||    49
       Tentacles         |     9 |    12 ||    21
       Punch             |     3 |    10 ||    13
  Use: Scroll            |       |     1 ||     1
       Potion            |       |     2 ||     2
 Stab: Sleeping          |    11 |     9 ||    20
  Eat: Chunk             |     1 |     4 ||     5
Armor: Skin              |     9 |     9 ||    18
Dodge: Dodged            |    46 |    50 ||    96
